 Dungeon Crawl Stone Soup version 0.25-a0-528-g6b7c99946c (webtiles) character file.

Game seed: 16200995668596606386, levelgen mode: deterministic

2310 Flugslaktarn the Chopper (level 9, -1/85 HPs)
             Began as a Deep Dwarf Fighter on Feb 19, 2020.
             Was a Believer of Makhleb.
             Shot with a bolt by an orc knight (8 damage)
             ... on level 7 of the Dungeon.
             The game lasted 00:02:47 (3314 turns).

Flugslaktarn the Chopper (Deep Dwarf Fighter)       Turns: 3314, Time: 00:02:48

Health: -1/85      AC: 19    Str: 21    XL:     9   Next: 18%
Magic:  10/10      EV:  4    Int:  8    God:    Makhleb [**....]
Gold:   369        SH: 10    Dex: 12    Spells: 8/8 levels left

rFire    . . .     SeeInvis .   b - +1 hand axe (elec)
rCold    . . .     Gourm    .   c - +0 kite shield
rNeg     . . .     Faith    .   A - +0 plate armour
rPois    .         Spirit   .   (no helmet)
rElec    .         Reflect  .   h - +0 cloak
rCorr    .         Harm     .   f - +0 pair of gloves (curse)
MR       +....                  l - +0 pair of boots
Stlth    ..........             o - amulet of rage
HPRegen  0.00/turn              j - -3 ring of strength (curse)
MPRegen  0.12/turn              p - +3 ring of protection

@: non-regenerating
A: damage resistance, heal wounds, sense surroundings 2, no regeneration
a: Heal Wounds, Minor Destruction, Renounce Religion, Evoke Berserk Rage


You were on level 7 of the Dungeon.
You worshipped Makhleb.
Makhleb was pleased with you.
You were not hungry.

You visited 2 branches of the dungeon, and saw 8 of its levels.

You collected 369 gold pieces.

Inventory:

Hand Weapons
 a - a +1 war axe
 b - a +1 hand axe of electrocution (weapon)
   (You took it off an orc on level 6 of the Dungeon)
Armour
 c - a +0 kite shield (worn)
 f - a cursed +0 pair of gloves (worn)
   (You found it on level 5 of the Dungeon)
 h - a +0 cloak (worn)
   (You found it on level 2 of the Dungeon)
 l - a +0 pair of boots (worn)
   (You found it on level 5 of the Dungeon)
 A - a +0 plate armour (worn)
   (You took it off an orc warrior on level 6 of the Dungeon)
Jewellery
 j - a cursed -3 ring of strength (left hand)
   (You found it on level 5 of the Dungeon)
 o - an amulet of rage (around neck)
   (You found it on level 4 of the Dungeon)
 p - a +3 ring of protection (right hand)
   (You found it on level 6 of the Dungeon)
 v - a +2 ring of evasion
   (You found it on level 2 of the Dungeon)
Wands
 u - a wand of enslavement (10)
   (You found it on level 5 of the Dungeon)
Scrolls
 g - 2 scrolls of fog
 k - 2 scrolls of magic mapping
 r - 2 scrolls of identify
 t - 4 scrolls of teleportation
Potions
 d - a potion of might
 i - 2 potions of stabbing
 n - a potion of flight {unknown}
 q - 4 potions of curing
 s - 2 potions of lignification {unknown}
 w - a potion of heal wounds
 x - a potion of resistance {unknown}
Comestibles
 e - 6 rations
 m - 10 chunks of flesh


   Skills:
 * Level 6.6 Fighting
 * Level 7.5 Axes
 + Level 6.1 Armour
 + Level 6.1 Shields
 + Level 5.2 Invocations


You had 8 spell levels left.
You didn't know any spells.
Your spell library was empty.

Dungeon Overview and Level Annotations

Branches:
Dungeon (7/15)             Temple (1/1) D:4

Altars:
Ashenzari
Cheibriados
Dithmenos
Elyvilon
Fedhas
Gozag
Hepliaklqana
Kikubaaqudgha
Makhleb
Nemelex Xobeh
Qazlal
Ru
Sif Muna
Trog
Vehumet
Wu Jian
Xom
Yredelemnul
The Shining One

Shops:
D:6 }

Annotations:
D:5 1 runed translucent door, Error4North's ghost, amateur HOFi


Innate Abilities, Weirdness & Mutations

You are resistant to damage.
You can heal yourself by infusing magical energy.
You passively map the area around you.
You do not regenerate.


Message History

There are monsters nearby!
There are monsters nearby!
The orc knight roars a battlecry!
The orcs go into a battle-frenzy!
The orc warrior hits you from afar with a +0 trident!!
Found 18 bolts and 18 stones.
There is an open door, spattered with blood here.
The orc warrior hits you from afar with a +0 trident!
The orc knight hits you with a +2 vorpal war axe!!
* * * LOW HITPOINT WARNING * * *
x2 The orc warrior hits you but does no damage.
You are too injured to fight recklessly!
You are too injured to fight recklessly!
You are too injured to fight recklessly!
You are too injured to fight recklessly!
There is an open door, spattered with blood here.
The orc knight unwields a +2 vorpal war axe.
The orc knight wields a +0 arbalest.
The orc knight shoots a bolt.
The bolt hits you!
You die...

, , ,, #(..#.#...#..# ,
* * #:..#.#.:.#..# ,,,
#.(.#.#.(.#..#
#######.#####..# *, ,, ,
..#.........#..# , #
#####.#.#.#.#.#.#..# * *
#(#(#(#.#.........#..# ,
*,#...oo#.#.#.#.#.#.#..#
#...oo'@.....:.รท.....#
, #....o#.#.#.#.#)#.#..#
#)#)#(#.#.........#.## *
# #####.#.#.#.#.#.#.# ,
, , ..#.........#.# , *
, #######.#####.# , ,
..... ..# *,, , **#####
## *** **


You could see an orc knight, 3 orc warriors and an orc.

Vanquished Creatures
  A manticore (D:7)
  A yak (D:7)
  A hungry ghost (D:7)
  An orc warrior (D:6)
  A black bear (D:7)
  An eye of draining (D:7)
  A centaur (D:5)
  An ogre (D:4)
  4 bullfrogs
  2 scorpions
  3 jellies
  A crimson imp (D:7)
  3 bullfrog zombies
  2 orc priests (D:6)
  7 orc wizards
  A bullfrog skeleton (D:4)
  3 worker ants
  A hound skeleton (D:4)
  11 adders
  4 shadow imps
  2 oozes
  4 adder skeletons
  2 worms
  2 dart slugs
  2 leopard geckos
  17 orcs
  2 ball pythons
  3 bats (D:1)
  2 giant cockroaches
  4 goblins
  A hobgoblin (D:2)
  5 kobolds
  A quokka (D:3)
  A frilled lizard (D:2)
  A quokka skeleton (D:6)
  2 quokka zombies
  2 rats
103 creatures vanquished.

Notes
Turn   | Place    | Note
-------+----------+-------------------------------------------
     0 | D:1      | Flugslaktarn the Deep Dwarf Fighter began the quest for the
                  | Orb.
     0 | D:1      | Reached XP level 1. HP: 20/20 MP: 1/1
   118 | D:1      | Reached XP level 2. HP: 24/27 MP: 2/2
   247 | D:2      | Found a shadowy altar of Dithmenos.
   363 | D:2      | Reached XP level 3. HP: 33/34 MP: 3/3
   529 | D:2      | Reached skill level 3 in Axes
   598 | D:3      | Reached XP level 4. HP: 38/42 MP: 4/4
   771 | D:5      | Entered Level 5 of the Dungeon
   801 | D:4      | Found a staircase to the Ecumenical Temple.
   887 | D:4      | Reached XP level 5. HP: 46/50 MP: 5/5
   927 | Temple   | Entered the Ecumenical Temple
  1062 | Temple   | Became a worshipper of Makhleb the Destroyer
  1192 | D:4      | Noticed an ogre
  1201 | D:4      | Killed an ogre
  1201 | D:4      | Reached skill level 4 in Axes
  1201 | D:4      | Reached skill level 1 in Invocations
  1222 | D:4      | Reached XP level 6. HP: 45/57 MP: 5/7
  1784 | D:5      | Found a runed translucent door.
  1784 | D:5      | Noticed Error4North's ghost (amateur HOFi)
  1799 | D:5      | Found a snail-covered altar of Cheibriados.
  2086 | D:5      | Identified Waelag's Beginning Course on Spellweaving
  2093 | D:5      | Reached skill level 5 in Axes
  2093 | D:5      | Reached XP level 7. HP: 43/66 MP: 7/7
  2236 | D:5      | Found a sparkling altar of Nemelex Xobeh.
  2237 | D:5      | Found a shattered altar of Ashenzari.
  2418 | D:6      | Reached * piety under Makhleb
  2435 | D:6      | Reached skill level 5 in Fighting
  2481 | D:6      | Reached skill level 5 in Armour
  2481 | D:6      | Reached skill level 5 in Shields
  2680 | D:6      | Found a radiant altar of Vehumet.
  2813 | D:6      | Found Zachupait's Gadget Boutique.
  2868 | D:6      | Reached XP level 8. HP: 58/74 MP: 8/8
  2885 | D:6      | Reached skill level 6 in Axes
  3030 | D:7      | Reached ** piety under Makhleb
  3122 | D:7      | Noticed a manticore
  3133 | D:7      | Killed a manticore
  3140 | D:7      | Reached skill level 7 in Axes
  3152 | D:7      | Gained mutation: You passively map the area around you.
                  | [Deep Dwarf growth]
  3152 | D:7      | Reached XP level 9. HP: 68/85 MP: 0/10
  3159 | D:7      | Reached skill level 5 in Invocations
  3310 | D:7      | Noticed an orc knight
  3314 | D:7      | Shot with a bolt by an orc knight

Levels and vault maps discovered:
D:1:      lightli_arrival_flooded_house, layout_loops_corners
D:2:      layout_loops_ring, nicolae_dithmenos_through_a_glass_darkly,
          hangedman_abyss_or_decor_lesser_grid, chequers_mini_garden,
          grunt_decor_resistance, kennysheep_generic_room_16
D:3:      layout_loops_ring
D:4:      layout_loops_ring, minmay_temple_entry_gardened_gates, st_stairs_4
D:5:      lemuel_upstairs_altar, layout_gridville,
          gammafunk_temple_overflow_wave, first_ration, gammafunk_ghost_grave,
          serial_bayou_lagoon_a, cheibriados_altar_1
D:6:      hangedman_cross_stitches, layout_basic, basic_altar, serial_shops,
          nicolae_shop_statue_plus
D:7:      layout_basic, grunt_ogre_cave, minmay_misc_feat_rows,
          minmay_the_grid_2x2 [minmay_the_grid_holed_spiral,
          minmay_the_grid_armoury, minmay_the_grid_minigrid_small,
          minmay_the_grid_prize_four_corners]
Temple:   nicolae_temple_elliptical

Skill      XL: |  1  2  3  4  5  6  7  8  9 |
---------------+----------------------------+-----
Fighting       | 3 4 5 6 |  6.6
Axes           | 3 4 5 7 |  7.5
Armour         | 4 5 6 |  6.1
Shields        | 4 5 6 |  6.1
Invocations    | 1 2 3 4 5 |  5.2

Action                   |  1- 3 |  4- 6 |  7- 9 || total
-------------------------+-------+-------+-------++-------
Melee: War axe           |    91 |   142 |    90 ||   323
       Hand axe          |       |       |   102 ||   102
 Abil: Heal Wounds       |     1 |     4 |     4 ||     9
  Use: Scroll            |       |       |    10 ||    10
  Eat: Chunk             |       |     1 |     7 ||     8
       Ration            |       |     1 |       ||     1
Armor: Scale mail        |    40 |    42 |    45 ||   127
       Plate armour      |       |       |    56 ||    56
Dodge: Dodged            |    28 |    67 |    34 ||   129
Block: Kite shield       |    39 |    73 |    95 ||   207

Table legend:
 A = Non-vault XP
 B = Vault XP
 C = Vault XP percentage of total XP
 D = Non-vault monster count
 E = Vault monster count
 F = Vault count percentage of total count
                 A         B        C        D         E       F
            +---------+---------+-------+---------+---------+-------
      Total |    1680 |    1620 |  49.1 |      81 |      22 |  21.4
            +---------+---------+-------+---------+---------+-------
        D:1 |      15 |       0 |   0.0 |       9 |       0 |   0.0
        D:2 |      68 |      13 |  16.0 |      12 |       1 |   7.7
        D:3 |      16 |       0 |   0.0 |       5 |       0 |   0.0
        D:4 |     305 |       0 |   0.0 |       9 |       0 |   0.0
        D:5 |     482 |       0 |   0.0 |      20 |       0 |   0.0
        D:6 |     336 |     336 |  50.0 |      14 |      11 |  44.0
        D:7 |     458 |    1271 |  73.5 |      12 |      10 |  45.5
            +---------+---------+-------+---------+---------+-------
